 Dungeon Crawl Stone Soup version 0.28.0-1-gb440e238dd (webtiles) character file.

Game seed: 10340975383240698122

4250 issech the Basher (level 10, -30/90 HPs)
             Began as a Troll Monk on Feb 25, 2022.
             Was a Believer of Hepliaklqana.
             Hit by a large rock thrown by a cyclops (36 damage)
             ... on level 7 of the Dungeon.
             The game lasted 00:33:48 (7244 turns).

issech the Basher (Troll Monk)                      Turns: 7244, Time: 00:33:48

Health: -30/90     AC:  8    Str: 21    XL:     10   Next: 9%
Magic:  9/9        EV: 12    Int:  6    God:    Hepliaklqana [**....]
Gold:   485        SH:  0    Dex: 16    Spells: 9/9 levels left

rFire   + . .      SeeInvis .   u - +0 giant club
rCold   + + .      Faith    .   (shield currently unavailable)
rNeg    . . .      Spirit   .   N - +0 acid dragon scales
rPois   .          Reflect  .   (helmet restricted)
rElec   .          Harm     .   f - scarf {rC+ rF+}
rCorr   +          Rampage  .   (gloves unavailable)
Will    .....                   (boots unavailable)
Stlth   ++........              w - amulet of magic regeneration
HPRegen 1.05/turn               F - ring of protection from fire
MPRegen 0.51/turn               x - ring of ice

@: no status effects
A: reduced essence, large, unfitting armour, claws 3, regeneration 1, shaggy fur
1, tough skin 1
a: Renounce Religion, Recall Ancestor, Ancestor Identity


You were on level 7 of the Dungeon.
You worshipped Hepliaklqana.
Hepliaklqana was pleased with you.
You visited 2 branches of the dungeon, and saw 8 of its levels.

You collected 523 gold pieces.
You spent 38 gold pieces at shops.

Inventory:

Hand Weapons
 a - a +0 mace
 h - a +0 vorpal hunting sling
 l - the +4 triple crossbow "Dragonslayer" {penet, rF++}
   (You acquired it on level 5 of the Dungeon)

   Any ammunition fired by it passes through the targets it hits, potentially
   hitting all targets in its path until it reaches maximum range.
   rF:        It greatly protects you from fire.
 p - a +0 flail
 u - a +0 giant club (weapon)
 y - a +0 whip of electrocution
 C - a +2 dagger of speed
 H - a +2 vorpal spear
 L - a +0 whip of freezing
 O - a +0 halberd of venom
 P - a +3 spear of freezing
 R - a +0 antimagic trident
Missiles
 c - 4 javelins
 e - 53 sling bullets
 k - 74 stones (quivered)
 r - 125 arrows
 B - 15 poisoned darts
Armour
 f - a scarf of resistance (worn)
 v - a +0 cloak
 I - the +1 robe "Oblic" {Str+4 Int+4 Dex+4}
   (You found it on level 6 of the Dungeon)

   Str:       It affects your strength (+4).
   Int:       It affects your intelligence (+4).
   Dex:       It affects your dexterity (+4).
 N - +0 acid dragon scales (worn)
 S - a +0 cloak
Magical Staves
 D - a staff of death
Jewellery
 w - an amulet of magic regeneration (around neck)
 x - a ring of ice (right claw)
 F - a ring of protection from fire (left claw)
 M - a ring of resist corrosion
Scrolls
 b - a scroll of enchant armour {unknown}
 d - 2 scrolls of noise
 g - 2 scrolls of blinking
 m - a scroll of teleportation
 q - a scroll of torment
 s - a scroll of magic mapping
 t - a scroll of holy word
 E - 3 scrolls of immolation
 G - 2 scrolls of fear
 K - 2 scrolls of identify
 Q - a scroll of enchant weapon {unknown}
Potions
 i - a potion of heal wounds {unknown}
 j - a potion of degeneration {unknown}
 n - 2 potions of mutation {unknown}
 o - 2 potions of brilliance {unknown}
 z - a potion of curing {unknown}
 A - a potion of ambrosia {unknown}
 J - a potion of lignification {unknown}


   Skills:
 + Level 6.3 Fighting
 + Level 9.3 Maces & Flails
 + Level 2.4(2.5) Slings
 + Level 0.7(2.2) Throwing
 + Level 1.0 Armour
 + Level 5.8 Dodging
 + Level 2.4 Stealth


You had 9 spell levels left.
You didn't know any spells.
Your spell library contained the following spells:

 Spells                   Type           Power      Damage    Failure   Level
 Blink                    Tloc           0%         N/A       67%         2
 Corpse Rot               Necr/Air       0%         N/A       67%         2
 Lesser Beckoning         Tloc           0%         N/A       88%         3
 Dispel Undead            Necr           0%         3d6       99%         4
 Manifold Assault         Tloc           0%         N/A       100%        5
 Death Channel            Necr           0%         N/A       100%        6


Dungeon Overview and Level Annotations

Branches:
Dungeon (7/15)             Temple (1/1) D:6

Altars:
Ashenzari
Cheibriados
Dithmenos
Elyvilon
Fedhas
Hepliaklqana
Kikubaaqudgha
Nemelex Xobeh
Okawaru
Ru
Sif Muna
Trog
Uskayaw
Vehumet
Wu Jian
Xom
Yredelemnul
Zin
The Shining One

Shops:
D:2 *   D:6 (


Innate Abilities, Weirdness & Mutations

Your life essence is reduced to manifest your ancestor. (-10% HP)
You are too large for most types of armour.
You have claws for hands.
Your natural rate of healing is unusually fast.
You are covered in fur. (AC +1)
You have tough skin. (AC +1)


Message History

You kill the acid dragon!
The acid dragon scales are intact enough to wear.
The troll closely misses you. x3
You hit the troll.
The troll is lightly wounded.
The troll bites you! The troll claws you! The troll claws you.
You bludgeon the troll!!
The troll is severely wounded.
The troll bites you.
* * * LOW HITPOINT WARNING * * *
The troll claws you!
* * * LOW HITPOINT WARNING * * *
The troll claws you but does no damage.
Kaya emerges from the mists of memory!
Kaya hits the troll with a +0 quarterstaff!!
You hit the troll but do no damage.
The troll is severely wounded.
The troll barely misses you.
The troll claws you but does no damage. x2
You bludgeon the troll!!
You kill the troll!
Your life force feels restored.
Your Armour skill increases to level 1!
You swap places.
You hit the orc.
The orc is lightly wounded.
The orc misses you.
You thump the orc!
You kill the orc!
The cyclops throws a large rock.
The large rock misses you.
The cyclops throws a large rock.
The large rock closely misses you.
The cyclops throws a large rock.
The large rock misses Kaya.
The large rock hits you!
You swap places.
You barely miss the cyclops. The cyclops hits you!!
* * * LOW HITPOINT WARNING * * *
You completely miss the cyclops. The cyclops hits you!
* * * LOW HITPOINT WARNING * * *
Kaya hits the cyclops with a +0 quarterstaff.
The cyclops throws a large rock.
The large rock hits you!!!
You die...

<..<..#####...........#####8C8###
......'..##.........###.#.#8o8#.#
......#####.....###.# ##..'...'.)
..........'.........# #...##8##..
......#####....)#######'#########
##....########..# #..#.......#
###......# ##.C######..#.⌠...⌠.#
#......# #..R....##.T#....⌠..#
####......# #...@...###.'.†.⌠...'
........### #......>..###.)⌠....#
........# #..........##.D...⌠.#
........# ##.......#####..c....#
........# ##.....#### ####T####
........# #......# #o# #
........# #......# #...# #
..###'### #......##### #..(..##
#####.# ##.........# #oT.....#


You could see the friendly Kaya the battlemage and a cyclops (ally target).

Vanquished Creatures
  Pikel (D:4)
  A troll (D:7)
  Menkaure (D:5)
  2 acid dragons
  A water moccasin (D:6)
  2 black bears (D:5)
  An orc warrior (D:7)
  A hornet zombie (D:6)
  A necrophage (D:7)
  2 ogres
  A wolf (D:6)
  3 centaurs (D:7)
  2 phantoms
  A lemure (D:5)
  A kobold brigand (D:5)
  A wyvern zombie (D:7)
  2 scorpions (D:6)
  2 water moccasin zombies
  A gnoll sergeant (D:7)
  4 killer bees (D:7)
  2 water moccasin skeletons
  A wight (D:7)
  A howler monkey (D:5)
  2 centaur zombies
  A bullfrog zombie (D:6)
  2 jellies
  2 bullfrog skeletons
  7 hounds
  2 orc priests (D:4)
  A gnoll shaman (D:6)
  4 iguanas
  A killer bee zombie (D:6)
  2 hound zombies (D:5)
  A howler monkey zombie (D:5)
  19 gnolls
  3 adders
  A white imp (D:5)
  2 ufetubi
  An adder skeleton (D:4)
  3 worms
  4 dart slugs
  24 orcs
  8 ball pythons
  3 bats (D:1)
  10 endoplasms
  4 giant cockroaches
  8 hobgoblins
  A jackal (D:6)
  11 kobolds
  4 quokkas
  2 frilled lizards
  8 goblins
  7 rats
183 creatures vanquished.

Vanquished Creatures (collateral kills)
  An ice beast (D:7)
  A bullfrog (D:7)
  A killer bee (D:7)
  A centaur skeleton (D:7)
  A hound (D:7)
5 creatures vanquished.

Vanquished Creatures (others)
  3 battlemagi (D:7)
3 creatures vanquished.

Grand Total: 191 creatures vanquished

Notes
Turn   | Place    | Note
-------+----------+-------------------------------------------
     0 | D:1      | issech the Troll Monk began the quest for the Orb.
     0 | D:1      | Reached XP level 1. HP: 22/22 MP: 0/0
   195 | D:1      | Reached XP level 2. HP: 26/29 MP: 1/1
   195 | D:1      | Found a faded altar of an unknown god.
   311 | D:1      | Reached skill level 3 in Maces & Flails
   517 | D:1      | Reached XP level 3. HP: 20/36 MP: 2/2
   869 | D:2      | Found Noygripe's Assorted Antiques.
   899 | D:2      | Bought a scroll labelled EJAD ZUNAEMY for 19 gold pieces
   899 | D:2      | Bought a scroll labelled QUVEUNKOSHY for 19 gold pieces
   941 | D:2      | Reached XP level 4. HP: 44/44 MP: 3/3
  1688 | D:3      | Found a snail-covered altar of Cheibriados.
  1743 | D:3      | Reached XP level 5. HP: 53/53 MP: 4/4
  2006 | D:3      | Reached skill level 4 in Maces & Flails
  2403 | D:4      | Reached skill level 1 in Slings
  2463 | D:4      | Noticed a phantom
  2477 | D:4      | Killed a phantom
  2478 | D:4      | Reached XP level 6. HP: 60/61 MP: 5/5
  3038 | D:4      | Found a glowing silver altar of Zin.
  3038 | D:4      | Noticed an angel
  3191 | D:5      | Entered Level 5 of the Dungeon
  3289 | D:5      | Reached XP level 7. HP: 59/67 MP: 6/6
  3306 | D:5      | Noticed Pikel
  3548 | D:4      | Killed Pikel
  3549 | D:4      | Reached skill level 5 in Maces & Flails
  3627 | D:5      | Noticed Menkaure
  3634 | D:5      | Killed Menkaure
  3635 | D:5      | Reached XP level 8. HP: 30/79 MP: 7/7
  3816 | D:5      | Reached skill level 6 in Maces & Flails
  4538 | D:6      | Found a sacrificial altar of Ru.
  4796 | D:6      | Reached skill level 5 in Fighting
  4987 | D:6      | Reached skill level 7 in Maces & Flails
  4987 | D:6      | Reached skill level 5 in Dodging
  5130 | D:5      | Acquired the +4 triple crossbow "Dragonslayer" {penet,
                  | rF++}
  5145 | D:6      | Reached XP level 9. HP: 88/88 MP: 8/8
  5191 | D:6      | Identified the +1 robe "Oblic" {Str+4 Int+4 Dex+4}
  5218 | D:6      | Found a shimmering blue altar of Sif Muna.
  5383 | D:6      | Found Usivis's Weapon Shoppe.
  5575 | D:6      | Reached skill level 8 in Maces & Flails
  5831 | D:6      | Found a staircase to the Ecumenical Temple.
  5844 | Temple   | Entered the Ecumenical Temple
  5880 | Temple   | Became a worshipper of Hepliaklqana the Forgotten
  5880 | Temple   | Reached * piety under Hepliaklqana
  5880 | Temple   | Reached ** piety under Hepliaklqana
  5881 | Temple   | Remembered your ancestor Kaya as a battlemage
  6372 | D:7      | Noticed a +0 dagger
  6374 | D:7      | Noticed a +0 spear
  6374 | D:7      | Noticed a +0 short sword
  6374 | D:7      | Noticed a +0 falchion
  6374 | D:7      | Noticed a +0 falchion
  6374 | D:7      | Noticed a +0 short sword
  6375 | D:7      | Noticed a +0 spear
  6375 | D:7      | Noticed a +0 dagger
  6377 | D:7      | Found a hide-covered altar of Uskayaw.
  6465 | D:7      | Found an ancient bone altar of Kikubaaqudgha.
  7073 | D:7      | Reached skill level 9 in Maces & Flails
  7163 | D:7      | Noticed a troll
  7166 | D:7      | Noticed a troll
  7166 | D:7      | Noticed a cyclops
  7201 | D:7      | Reached XP level 10. HP: 83/85 MP: 9/9
  7228 | D:7      | Reached skill level 1 in Armour
  7244 | D:7      | Hit by a large rock thrown by a cyclops

Illustrated notes

Levels and vault maps discovered:
D:1:      minmay_arrival_shoal_huts, layout_loops_cross,
          hellmonk_ecumenical_altar_pennies_from_heaven
D:2:      layout_loops_ring, serial_shops, shop_statue, minmay_cupped
D:3:      layout_loops_ring, cheibriados_altar_1
D:4:      layout_basic, zin_angel
D:5:      cheibrodos_thug_alley, layout_basic, nicolae_ossuary_entry_ruins,
          grunt_ministairs_15, hangedman_decor_lopped, minivault_19,
          nrook_mini_vaults, uniq_pikel, uniq_menkaure
D:6:      layout_cave_pools, nicolae_overflow_crystal_walls,
          nicolae_ru_sacrificial_ziggurat, temple_fountains, serial_gnoll_camp,
          gnoll_camp_mini_basic, gnoll_camp_mini_loothouse,
          gnoll_camp_mini_shop, gnoll_camp_mini_doghouse
D:7:      minmay_chambers_of_sevens, layout_basic, nicolae_uskayaw_en_pointe,
          marbit_many_paths
Temple:   oiseaux_autumnal_temple

Skill      XL: |  1  2  3  4  5  6  7  8  9 10 |
---------------+-------------------------------+-----
Maces & Flails | 3 4 5 7 9 |  9.3
Fighting       | 3 4 5 6 |  6.3
Dodging        | 3 4 5 |  5.8
Slings         | 1 2 |  2.4
Stealth        | 2 |  2.4
Armour         | 1 |  1.0
Throwing       | |  0.7

Action                   |  1- 3 |  4- 6 |  7- 9 | 10-12 || total
-------------------------+-------+-------+-------+-------++-------
Melee: Mace              |    99 |    71 |       |       ||   170
       Punch             |     1 |     1 |     2 |       ||     4
       Flail             |       |    78 |   253 |       ||   331
       Giant club        |       |       |   136 |    13 ||   149
 Fire: Hunting sling     |    21 |    50 |     6 |       ||    77
Throw: Javelin           |       |       |     4 |       ||     4
       Stone             |       |       |     4 |       ||     4
Invok: Ancestor Life: Ba |       |       |     1 |       ||     1
  Use: Scroll            |       |       |    10 |       ||    10
 Stab: Sleeping          |     1 |     3 |     3 |       ||     7
       Distracted        |       |       |     1 |       ||     1
Armor: Robe              |    51 |    40 |   136 |       ||   227
       Acid dragon scale |       |       |    30 |     3 ||    33
Dodge: Dodged            |    80 |    76 |   411 |     8 ||   575
